[Event "FIDE WY-U16 Olympiad 2022"]
[Site "Nakhchivan"]
[Date "2022.10.06"]
[Round "5.8"]
[White "Boramanikar Tanisha S"]
[Black "Karimi, Setayesh"]
[Result "1/2-1/2"]
[ECO "B22"]
[WhiteElo "1808"]
[BlackElo "1925"]
[Annotator "TA"]
[PlyCount "74"]
[EventDate "2022.10.02"]
[EventType "team-tourn"]
[EventCountry "AZE"]
[SourceTitle "playchess.com"]
[Source "ChessBase"]
[SourceQuality "1"]
[WhiteTeam "India"]
[BlackTeam "Iran"]
[WhiteTeamCountry "IND"]
[BlackTeamCountry "IRI"]
[TimeControl "40/5400+30:1800+30"]

1. e4 c5 2. c3 d5 3. exd5 Qxd5 4. d4 Nf6 5. Nf3 e6 6. Bd3 Be7 7. O-O O-O 8. Be3 Nc6 9. dxc5 Rd8 10. Bc2 Qxd1 11. Rxd1 Rxd1+ 12. Bxd1 Ng4 {[%emt 0:01:45] B22: Sicilian: 2 c3.} 13. b4 Nxe3 14. fxe3 a5 $1 {[%emt 0:01:05] The position is equal.} 15. b5 Na7 16. a4 Bxc5 17. Kf2 b6 {[%emt 0:17:08] [#]} 18. Nbd2 $146 ({Predecessor:} 18. Ne5 Bb7 19. Nd7 Rc8 20. Ra2 f5 21. Rd2 Be4 22. Bb3 Kf7 23. Nxc5 Rxc5 24. Rd7+ {½-½ (50) Howell,D-Wise,D (2173) Millfield 2000}) 18... Bb7 19. Ne5 {[%emt 0:12:54] Threatens to win with Nd7.} Rd8 {[%emt 0:08:33] Inhibits Nd7.} 20. Nb3 Bd6 {[%emt 0:00:51] A strong pair of Bishops.} 21. Nf3 Bd5 22. Nbd2 Bc5 23. Ke2 Nc8 24. Bb3 Bxf3+ 25. Nxf3 Nd6 26. Rd1 Nb7 27. Nd4 (27. Rxd8+ $11 Nxd8 28. Ne5) 27... e5 28. Nf3 {[%emt 0:02:34] [#] Strongly threatening Rxd8+.} Rxd1 29. Kxd1 $11 {[%emt 0:00:39][%mdl 4096] Endgame KBN-KBN} Bd6 30. Ng5 Nd8 31. Ne4 Be7 32. Bd5 Kf8 $1 33. Nd2 {[%emt 0:01:41] White is more active.} (33. g4 $16) 33... Bc5 34. Ke2 Ke7 35. Ne4 Ba3 36. Kd3 ({White should try} 36. g4 $11) 36... f5 $15 37. Nd2 e4+ {Weighted Error Value: White=0.19 (very precise) /Black=0.11 (very precise)} 1/2-1/2

[Event "FIDE WY-U16 Olympiad 2022"]
[Site "Nakhchivan"]
[Date "2022.10.06"]
[Round "5.8"]
[White "Berdibaeva, Edisa"]
[Black "Cairel Adrin, Rumi Arjuna Malique"]
[Result "1-0"]
[ECO "C68"]
[WhiteElo "1617"]
[BlackElo "1223"]
[Annotator "NA RC COMBH"]
[PlyCount "101"]
[EventDate "2022.10.02"]
[EventType "team-tourn"]
[EventCountry "AZE"]
[SourceTitle "playchess.com"]
[Source "ChessBase"]
[SourceQuality "1"]
[WhiteTeam "Kyrgyzstan"]
[BlackTeam "Malaysia"]
[WhiteTeamCountry "KGZ"]
[BlackTeamCountry "MAS"]
[TimeControl "40/5400+30:1800+30"]

1. e4 e5 2. Nf3 Nc6 3. Bb5 a6 4. Bxc6 dxc6 5. d4 exd4 6. Qxd4 Qxd4 7. Nxd4 Bd7 8. Nc3 O-O-O 9. Be3 f6 10. O-O-O Ne7 11. f3 c5 12. Nde2 b6 13. Nf4 Nc6 14. Nfd5 Ne5 15. Bf4 Kb7 16. Bg3 Bd6 17. Rhe1 Rhe8 18. Ne3 Bc8 19. Rd2 g5 20. Red1 Nf7 21. Ncd5 Bxg3 22. hxg3 Re6 23. Rh1 h6 24. Nf5 Re5 25. g4 Bxf5 26. gxf5 Rd6 27. Ne3 Rxd2 28. Kxd2 c6 29. Ng4 Re8 30. Nxf6 Rd8+ 31. Ke3 Kc7 32. Ng4 Re8 33. Rh3 Rh8 34. f4 gxf4+ 35. Kxf4 Kd6 36. e5+ Ke7 37. e6 Nd6 38. Rxh6 Rf8 39. Rh7+ Ke8 40. f6 Nf7 41. exf7+ Rxf7 42. Rxf7 Kxf7 43. Kf5 Kf8 44. Kg6 Kg8 45. f7+ Kf8 46. Nf6 c4 47. Nh7+ Ke7 48. f8=Q+ Ke6 49. Qe8+ Kd5 50. Kf5 Kd4 51. Qe5# 1-0

[Event "FIDE WY-U16 Olympiad 2022"]
[Site "Nakhchivan"]
[Date "2022.10.06"]
[Round "5.9"]
[White "Samadov, Read"]
[Black "Madaminov, Mukhiddin"]
[Result "1/2-1/2"]
[ECO "E32"]
[WhiteElo "2455"]
[BlackElo "2441"]
[Annotator "TA"]
[PlyCount "103"]
[EventDate "2022.10.02"]
[EventType "team-tourn"]
[EventCountry "AZE"]
[SourceTitle "playchess.com"]
[Source "ChessBase"]
[SourceQuality "1"]
[WhiteTeam "Azerbaijan"]
[BlackTeam "Uzbekistan"]
[WhiteTeamCountry "AZE"]
[BlackTeamCountry "UZB"]
[TimeControl "40/5400+30:1800+30"]

1. d4 Nf6 2. c4 e6 3. Nc3 Bb4 4. Qc2 O-O 5. a3 Bxc3+ 6. Qxc3 b6 7. Bg5 c5 8. dxc5 bxc5 9. e3 Nc6 10. Bd3 Qa5 {[%emt 0:21:35] E32: Nimzo-Indian: Classical (4 Qc2): 4...0-0.} 11. Ne2 Rb8 12. O-O-O Qxc3+ (12... Ng4 $1 $11 13. Bh4 Nge5) 13. Nxc3 $14 {[%emt 0:00:23] [#]} Ng4 $146 ({Predecessor:} 13... Na5 14. Bxf6 gxf6 15. Ne4 Nb3+ 16. Kc2 f5 17. Nd6 Ba6 18. Kc3 Rb6 19. Bb1 Rfb8 {0-1 (58) Johansson,J (2365)-Sammalvuo,T (2370) Helsinki 1996}) 14. Rhf1 (14. Bh4 $1 $14) 14... Ba6 15. Bf4 Nge5 $36 {[%emt 0:02:19][%mdl 2048] Black has some pressure.} 16. Be4 {[%emt 0:14:06] A strong pair of Bishops.} Bxc4 {[%emt 0:08:03] Strongly threatening ...d5.} 17. Bxc6 Nxc6 18. Bxb8 Rxb8 19. Rg1 d5 20. Na4 Bb3 21. Nxc5 Bxd1 22. Rxd1 $11 {[%emt 0:00:10][%mdl 4096] Endgame KRN-KRN} Ne5 23. Rd2 (23. Nd3 $1 $11 {remains equal.} Nc4 24. Kc2) 23... Rc8 $17 24. b4 {[%emt 0:00:13] [#]} Nd7 $1 25. Rc2 {[%emt 0:01:39] [#]} Nxc5 26. bxc5 {[%emt 0:04:44] KR-KR} Kf8 27. Kd2 Rb8 {[%emt 0:00:09] Against Rb2} 28. c6 Ke7 29. Rc5 $1 Rc8 30. Ra5 Rc7 31. Ra6 Kd6 32. Kd3 Kc5 {[%emt 0:00:10] ...Kb5 is the strong threat.} 33. a4 e5 34. e4 dxe4+ 35. Kxe4 f6 36. g4 Kd6 37. f4 exf4 38. Kxf4 g6 39. h4 Kd5 40. h5 Kd4 ({Black should try} 40... Kd6 $11) 41. hxg6 (41. Ra5 $14) 41... hxg6 $11 {[%emt 0:30:01] The position is equal.} 42. Ra5 (42. g5 $5 fxg5+ 43. Kxg5 $11) 42... Kc4 43. Ke4 Kb4 44. Rb5+ Kxa4 45. Rc5 {[%emt 0:00:00] Threatens to win with Kd5.} Kb4 46. Kd5 {[%emt 0:00:00] And now Kd6 would win.} a5 47. Kd6 Rc8 {[%emt 0:00:00] ( -> ...Rd8+)} (47... a4 $2 48. Kxc7 Kxc5 49. Kd7 $18) 48. c7 {[%emt 0:00:00][%cal Od6d7] Against Rd8+} a4 49. Kd7 Rxc7+ (49... Kxc5 50. Kxc8 f5 51. Kd7 fxg4 52. c8=Q+ Kb4 53. Kd6 g3 54. Qg4+ Kb3 55. Qxg6) 50. Rxc7 {[%emt 0:00:00] Ke6 would kill now.} a3 51. Ke6 f5 52. gxf5 {[%emt 0:00:00] Weighted Error Value: White=0.10 (very precise) /Black=0.07 (flawless)} 1/2-1/2

[Event "FIDE WY-U16 Olympiad 2022"]
[Site "Nakhchivan"]
[Date "2022.10.06"]
[Round "5.9"]
[White "Swarnavo, Choudhury"]
[Black "Omonov, Asrorjon"]
[Result "0-1"]
[ECO "C11"]
[WhiteElo "1979"]
[BlackElo "2064"]
[Annotator "TA"]
[PlyCount "52"]
[EventDate "2022.10.02"]
[EventType "team-tourn"]
[EventCountry "AZE"]
[SourceTitle "playchess.com"]
[Source "ChessBase"]
[SourceQuality "1"]
[BlackTeam "Uzbekistan"]
[BlackTeamCountry "UZB"]
[TimeControl "40/5400+30:1800+30"]

1. e4 e6 2. d4 d5 3. Nc3 Nf6 4. e5 Nfd7 5. f4 c5 6. Nf3 Nc6 7. Be3 a6 8. Qd2 b5 9. dxc5 Bxc5 10. Nd4 Qb6 {[%emt 0:04:17][%cal Rc6d4] C11: French: Classical System: 4 e5 and 4 Bg5 dxe4.} 11. Rd1 {[%emt 0:06:19] [#]} Nxd4 $146 ({Predecessor:} 11... O-O 12. Be2 Bb7 13. a3 Rac8 14. O-O Ndb8 15. Bf3 Nxd4 16. Bxd4 Nc6 17. Bxc5 Qxc5+ 18. Rf2 {½-½ (42) Kienboeck,B (2241)-Ohanyan,E (2395) Mamaia 2022}) 12. Bxd4 Bb7 {[%emt 0:00:06] The position is equal.} 13. Ne2 Rc8 14. g3 b4 15. Bxc5 Nxc5 16. Bg2 a5 17. Nd4 {[%emt 0:00:45] [#]} (17. Qd4 $142) 17... Ba6 (17... Na4 $1 $17 18. Qc1 Ba6) 18. Kf2 {[%emt 0:02:49] [#]} Nd3+ $1 19. cxd3 {[%emt 0:03:11] Black must now prevent Qe3.} Qxd4+ 20. Ke2 (20. Kf3 $142) 20... O-O $17 {[%emt 0:01:08] Black has more active pieces.} 21. Rc1 {[%emt 0:02:36] Prevents Rc6.} a4 {[%emt 0:00:36] ...a3 is the strong threat.} 22. a3 $2 {[%emt 0:07:11][%mdl 8192] This costs White the game.} (22. Rhd1 $17) 22... Rb8 $19 {[%emt 0:03:52][%cal Bc8b8,Bb8b3,Bb3b2][%mdl 32] And now ...bxa3 would win. Black is clearly winning.} 23. Rb1 Rfc8 {[%emt 0:00:13] Strongly threatening ...bxa3.} 24. Rhd1 bxa3 25. bxa3 Rb3 26. Rbc1 Rb2 {[%emt 0:00:22] Weighted Error Value: White=1.37/Black=0.07 (flawless)} 0-1

[Event "FIDE WY-U16 Olympiad 2022"]
[Site "Nakhchivan"]
[Date "2022.10.06"]
[Round "5.10"]
[White "Begmuratov, Khumoyun"]
[Black "Talibov, Shiroghlan"]
[Result "1-0"]
[ECO "C18"]
[WhiteElo "2367"]
[BlackElo "2342"]
[Annotator "TA"]
[PlyCount "75"]
[EventDate "2022.10.02"]
[EventType "team-tourn"]
[EventCountry "AZE"]
[SourceTitle "playchess.com"]
[Source "ChessBase"]
[SourceQuality "1"]
[WhiteTeam "Uzbekistan"]
[BlackTeam "Azerbaijan"]
[WhiteTeamCountry "UZB"]
[BlackTeamCountry "AZE"]
[TimeControl "40/5400+30:1800+30"]

1. e4 e6 2. d4 d5 3. Nc3 Bb4 4. e5 c5 5. a3 Bxc3+ 6. bxc3 Qa5 7. Bd2 Qa4 8. Be3 {[%emt 0:07:54] C18: French: 3 Nc3 Bb4: Main line: 7 h4 and 7 Qg4.} c4 9. Ne2 Nc6 {[%emt 0:05:09] [#]} 10. Ng3 $146 {[%emt 0:00:40] The position is equal.} ({Predecessor:} 10. g3 Bd7 11. Bg2 O-O-O 12. O-O f6 13. exf6 Nxf6 14. Qb1 h6 15. Qb2 g5 16. f4 {½-½ (26) Cundy,M (1931)-Anderton,D (2132) England 2016}) 10... Bd7 11. h4 O-O-O 12. h5 h6 13. Be2 Nge7 14. Qd2 Kb8 15. Bf3 Rdf8 16. Rh4 Rhg8 17. Kf1 Nc8 18. Kg1 N6e7 19. Rg4 Nb6 20. Qc1 Qa5 21. Bd2 Na4 22. Rb1 Rc8 23. Nf1 Qd8 24. Qe1 Rc6 25. Rf4 Rf8 26. Bg4 Rb6 27. Ra1 Ra6 28. Bh3 Bc8 29. Qd1 g5 30. hxg6 fxg6 31. Rf6 Nf5 $2 {[%emt 0:00:50] [#] Black cannot hold the game after this.} (31... Rh8 $11 {and Black has nothing to worry.}) 32. Rxg6 $18 Qe8 33. Bxf5 Rxf5 34. Rf6 ({Much less strong is} 34. Rxh6 Qf8 35. Qe1 Rf7) 34... Rxf6 (34... Qe7 {was worth a try.} 35. Rxf5 (35. Bxh6 Nxc3 36. Qe1 Rxf6 $14) (35. Rxh6 Qf8 $18) 35... exf5) 35. exf6 e5 36. Qf3 {[%emt 0:01:12] White is clearly winning.} ({Not} 36. dxe5 Qxe5 37. Ne3 (37. f7 Rf6 $16) 37... Rxf6 $16) 36... e4 (36... Be6 $142 37. dxe5 Qg6) 37. f7 {[%emt 0:01:27] [#] Intending Qg3+ and mate.} Qf8 38. Qg3+ {[%emt 0:00:02] Weighted Error Value: White=0.05 (flawless) /Black=0.23 (precise)} 1-0

[Event "FIDE WY-U16 Olympiad 2022"]
[Site "Nakhchivan"]
[Date "2022.10.06"]
[Round "5.10"]
[White "Khamdamova, Afruza"]
[Black "Jannatul, Ferdousi"]
[Result "1-0"]
[ECO "C07"]
[WhiteElo "2118"]
[BlackElo "1624"]
[Annotator "TA"]
[PlyCount "55"]
[EventDate "2022.10.02"]
[EventType "team-tourn"]
[EventCountry "AZE"]
[SourceTitle "playchess.com"]
[Source "ChessBase"]
[SourceQuality "1"]
[WhiteTeam "Uzbekistan"]
[BlackTeam "Bangladesh"]
[WhiteTeamCountry "UZB"]
[BlackTeamCountry "BAN"]
[TimeControl "40/5400+30:1800+30"]

1. e4 e6 2. d4 d5 3. Nd2 c5 4. Ngf3 Nf6 5. exd5 exd5 6. Bb5+ Bd7 7. Bxd7+ Nbxd7 8. O-O Be7 9. dxc5 Nxc5 10. Nd4 O-O 11. N2f3 Nce4 12. Bf4 {[%emt 0:05:26] C08: French Tarrasch: 3...c5 4 exd5 exd5 sidelines.} (12. Nf5 {is more complex.} Bc5 13. Be3 Qd7 14. Bxc5 Nxc5 15. N3d4) 12... Bd6 13. Bxd6 Qxd6 14. c3 {[%emt 0:00:33] The position is equal.} Qb6 {[%emt 0:03:16] [#]} 15. Qc2 $146 ({Predecessor:} 15. Qb3 Qd6 16. Rad1 a6 17. h3 Nc5 18. Qc2 Nce4 19. Nf5 Qd7 20. Ne3 Rfd8 21. Nxd5 Nxd5 22. Qxe4 {½-½ (64) Kiss,P (1857)-Wanger,T (1801) Budapest 2010}) 15... Rac8 16. Rad1 Rfe8 17. h3 h6 18. Nf5 Rcd8 19. Rfe1 a6 20. N3d4 Qc7 21. Re3 Re5 (21... g6 $11) 22. Rde1 $14 {[%emt 0:06:07] [#] aiming for f3.} Rde8 23. f4 Rxf5 24. Nxf5 Qxf4 25. Rf3 Qc7 26. Qc1 (26. Qa4 $14) 26... Qb6+ $11 27. Kh2 Rc8 $2 {[%emt 0:02:30][%mdl 8192] [#]} (27... Re6 $11) 28. Ne7+ {[%emt 0:00:14] Weighted Error Value: White=0.11 (very precise) /Black=0.43} 1-0

[Event "FIDE WY-U16 Olympiad 2022"]
[Site "Nakhchivan"]
[Date "2022.10.06"]
[Round "5.11"]
[White "Manon, Reja Neer"]
[Black "Abdukhakimov, Akbarali"]
[Result "1/2-1/2"]
[ECO "B92"]
[WhiteElo "2107"]
[BlackElo "1777"]
[Annotator "TA"]
[PlyCount "77"]
[EventDate "2022.10.02"]
[EventType "team-tourn"]
[EventCountry "AZE"]
[SourceTitle "playchess.com"]
[Source "ChessBase"]
[SourceQuality "1"]
[WhiteTeam "Bangladesh"]
[BlackTeam "Uzbekistan"]
[WhiteTeamCountry "BAN"]
[BlackTeamCountry "UZB"]
[TimeControl "40/5400+30:1800+30"]

1. e4 c5 2. Nf3 d6 3. d4 cxd4 4. Nxd4 Nf6 5. Nc3 a6 6. Be2 e5 7. Nb3 Be7 8. Be3 Be6 9. O-O O-O 10. Qd2 b5 11. f3 Nbd7 12. a4 {[%emt 0:03:42] B92: Sicilian Najdorf: 6 Be2.} b4 13. Nd5 Bxd5 14. exd5 Nb6 $1 15. Bxb6 Qxb6+ 16. Kh1 Rfc8 17. Rfd1 Nd7 18. a5 Qb7 19. Ra4 Rab8 20. Bd3 {[%emt 0:03:47] [#]} Nc5 $146 ({Predecessor:} 20... g6 21. Qe2 Ra8 22. Qd2 Rab8 23. Qe2 Ra8 24. Qd2 {½-½ (24) Jaffray,J (1977)-Naroditsky,A (2052) San Francisco 2009}) 21. Nxc5 Rxc5 22. b3 Bd8 23. Qe2 Rxa5 24. Rxa5 Bxa5 25. Qe4 g6 26. Ra1 Bd8 27. Rxa6 Ra8 $1 28. Rxa8 Qxa8 $15 {[%emt 0:00:18][%mdl 4096] Endgame KQB-KQB} 29. Qe1 {[%emt 0:00:04] Prevents Qa1.} Qa7 30. g4 Qd4 31. Kg2 Bg5 ({Much weaker is} 31... Qxd5 32. Qxb4 Bg5 33. Qe4 $11) 32. Be4 Kg7 33. Qe2 Qc3 34. Qd3 Qa1 (34... Qe1 {seems wilder.} 35. Qf1 Qh4 36. Qf2 Qh6) 35. Qf1 {[%emt 0:01:16] Black is slightly better.} Qa7 36. Qd1 Be3 37. Qe2 Bc5 38. Qe1 Qa2 39. Qc1 {[%emt 0:00:42] Weighted Error Value: White=0.07 (flawless) /Black=0.06 (flawless)} 1/2-1/2

[Event "FIDE WY-U16 Olympiad 2022"]
[Site "Nakhchivan"]
[Date "2022.10.06"]
[Round "5.12"]
[White "Omonova, Umida"]
[Black "Abdinova, Narmin"]
[Result "0-1"]
[ECO "C50"]
[WhiteElo "2078"]
[BlackElo "1810"]
[Annotator "TA"]
[PlyCount "74"]
[EventDate "2022.10.02"]
[EventType "team-tourn"]
[EventCountry "AZE"]
[SourceTitle "playchess.com"]
[Source "ChessBase"]
[SourceQuality "1"]
[WhiteTeam "Uzbekistan"]
[BlackTeam "Azerbaijan"]
[WhiteTeamCountry "UZB"]
[BlackTeamCountry "AZE"]
[TimeControl "40/5400+30:1800+30"]

1. e4 e5 2. Nf3 Nc6 3. Bc4 Bc5 4. d3 Nf6 5. O-O d6 6. c3 O-O 7. a4 {[%emt 0:00:19] 7.Nbd2 is setting a new trend.} a5 8. Re1 {[%emt 0:00:33] C54: Giuoco Piano: 4 c3 Nf6, main lines with 5 d4 and 5 d3.} h6 9. h3 Be6 10. Bb5 {[%emt 0:02:32] The position is equal.} Ne7 {[%emt 0:07:57] [#]} 11. Nbd2 $146 (11. d4 exd4 12. cxd4) ({Predecessor:} 11. d4 Bb6 12. Nbd2 c6 13. Bf1 Ng6 14. Nc4 Bc7 15. dxe5 dxe5 16. Qc2 Nh5 17. b4 {½-½ (89) Visakh,N (2516)-Sunilduth Lyna,N (2618) chess24.com INT 2021}) 11... c6 12. Bc4 Qb6 13. Re2 d5 14. Ba2 Ng6 15. exd5 cxd5 16. Nf1 ({White should play} 16. d4 $15 exd4 17. cxd4) 16... e4 {[%emt 0:09:21] White is now going downhill.} 17. dxe4 dxe4 18. Nd4 Bxa2 {[%emt 0:04:48] Black is more active.} 19. Rxa2 Rad8 20. Be3 Nd5 21. Qc2 (21. Rd2 $17 {keeps fighting.}) 21... f5 $19 22. Ra1 Ngf4 23. Ree1 (23. Rd2 {might work better.}) 23... Qg6 {[%emt 0:04:05][%csl Gf4][%cal Rg6g2] [#]} 24. Ng3 Nd3 25. Bd2 Nxe1 26. Rxe1 Bxd4 27. cxd4 Kh7 28. Bxa5 b6 29. Bc3 e3 30. Nf1 exf2+ 31. Qxf2 Rde8 32. Rc1 f4 {[%emt 0:00:18] Hoping for ...f3.} 33. Nd2 (33. Qf3 Qe4 34. Kf2) 33... f3 34. Nxf3 Nf4 {[%emt 0:00:04] ( -> ...Nxh3+)} 35. Qc2 Ne2+ 36. Kf2 Re4 37. Be1 {[%emt 0:02:50] [#]} (37. Qxe4 $19 Qxe4 38. Re1) 37... Rxf3+ {[%emt 0:00:19][%mdl 64] Remove Defender.  Weighted Error Value: White=0.50/Black=0.13 (very precise)} 0-1

[Event "FIDE WY-U16 Olympiad 2022"]
[Site "Nakhchivan"]
[Date "2022.10.06"]
[Round "5.12"]
[White "Botiraliev, Abdumajid"]
[Black "Sakline Mostafa, Sajid"]
[Result "1-0"]
[ECO "B23"]
[WhiteElo "1552"]
[BlackElo "2001"]
[Annotator "TA"]
[PlyCount "83"]
[EventDate "2022.10.02"]
[EventType "team-tourn"]
[EventCountry "AZE"]
[SourceTitle "playchess.com"]
[Source "ChessBase"]
[SourceQuality "1"]
[WhiteTeam "Uzbekistan"]
[BlackTeam "Bangladesh"]
[WhiteTeamCountry "UZB"]
[BlackTeamCountry "BAN"]
[TimeControl "40/5400+30:1800+30"]

1. e4 c5 2. Nc3 Nc6 3. Nge2 Nf6 4. g3 g6 5. Bg2 Bg7 6. d4 (6. d3) 6... cxd4 7. Nxd4 Nxd4 {[%emt 0:01:30] B34: Sicilian: Accelerated Dragon with 5 Nc3: sidelines.} (7... Nxe4 8. Nxc6 Nxc3 9. Nxd8 Nxd1) (7... Nxe4 $5 8. Nxc6 Nxc3 9. Nxd8 Nxd1 $11) 8. Qxd4 {[%emt 0:00:16] White wants to play e5.} O-O {[%emt 0:00:42] [#]} (8... d6) ({Black should try} 8... d6 $11) 9. e5 $146 ({Predecessor:} 9. O-O d6 10. Qd3 Rb8 11. Be3 b6 12. b3 Bb7 13. Rac1 Qd7 14. Rfe1 Ne8 15. a4 Nc7 16. h4 a6 17. Nd5 Rfc8 18. Bh3 e6 19. Bg5 Bxd5 20. exd5 h6 21. dxe6 Nxe6 22. Bxe6 fxe6 23. Bf4 g5 24. hxg5 hxg5 25. Qxd6 {1-0 (25) Gorbatov,A (2417)-Enzendorfer,A (2184) St Veit 1999}) 9... Ne8 {[%emt 0:03:52] White is slightly better.} 10. Bf4 {[%emt 0:06:06] White has more active pieces.} d6 11. O-O-O Qa5 12. Rhe1 $36 {[%emt 0:07:45][%mdl 2048] White is pushing.} Bf5 (12... Nc7 $14) 13. Qd5 $18 Qd8 14. Qxb7 Rb8 (14... Rc8 $142 15. Qxa7 Rc7) 15. Qxa7 Be6 {[%emt 0:07:24] [#]} (15... Rc8 16. Rd2 Rc7) 16. Nd5 Bxd5 17. Bxd5 e6 18. Bb3 d5 19. Kb1 Nc7 20. h4 Nb5 21. Qe3 d4 22. Qd2 Qb6 23. h5 ({Resist} 23. a4 Na7 24. Qxd4 Qb7 $18) 23... Rfd8 24. hxg6 hxg6 25. Rh1 d3 26. c3 ({Weaker is} 26. cxd3 Nd4 $16) 26... Nc7 (26... Qa5 {is a better defense.} 27. Bg5 Bxe5) 27. Bg5 Bxe5 28. Bxd8 Rxd8 29. Qg5 {[%emt 0:05:48][%csl LRd8,LRe5] Inhibits Bf6.} Qd6 30. f4 Bg7 31. g4 Rb8 32. f5 Qe5 33. Rxd3 Qe4 34. Rhd1 Rb5 35. Qd8+ Bf8 36. Qxc7 {[%emt 0:00:07] [#] Strongly threatening fxe6.} exf5 37. Qxf7+ {[%emt 0:00:06] White mates.} Kh8 38. Qxf8+ Kh7 39. Bg8+ Kh8 40. Bf7+ Kh7 41. Qg8+ Kh6 42. Qxg6# {[%emt 0:00:02] Black got outplayed after the opening.  Weighted Error Value: White=0.16 (very precise) /Black=0.49} 1-0

[Event "FIDE WY-U16 Olympiad 2022"]
[Site "Nakhchivan"]
[Date "2022.10.06"]
[Round "5.13"]
[White "Caputcuoglu, Zeki Berke"]
[Black "Hidalgo Diaz, Daniel"]
[Result "1/2-1/2"]
[ECO "C07"]
[WhiteElo "2370"]
[BlackElo "2315"]
[Annotator "TA"]
[PlyCount "62"]
[EventDate "2022.10.02"]
[EventType "team-tourn"]
[EventCountry "AZE"]
[SourceTitle "playchess.com"]
[Source "ChessBase"]
[SourceQuality "1"]
[WhiteTeam "Turkey"]
[BlackTeam "Cuba"]
[WhiteTeamCountry "TUR"]
[BlackTeamCountry "CUB"]
[TimeControl "40/5400+30:1800+30"]

1. e4 e6 2. d4 d5 3. Nd2 c5 4. Ngf3 cxd4 5. Nxd4 Nc6 6. Bb5 Bd7 7. Nxc6 bxc6 8. Bd3 Bd6 {[%emt 0:00:33] C07: French Tarrasch: 3...c5, 4 Ngf3 and 4 exd5 Qxd5.} 9. Qe2 Qc7 {[%emt 0:00:11] 9...e5 is the modern continuation.} 10. Nf3 f6 11. O-O Ne7 12. c4 O-O 13. Be3 {[%emt 0:00:30] [#]} dxe4 $146 ({Predecessor:} 13... Kh8 14. Rac1 dxe4 15. Bxe4 f5 16. Bc2 Ng6 17. Rfd1 Rad8 18. Bg5 Rde8 19. Qd2 Nf4 20. Qxd6 {1-0 (32) Kosakowski,J (2452)-Gaisinsky,A (2105) Chess.com INT 2022}) 14. Bxe4 f5 15. Bc2 c5 $1 16. b4 cxb4 17. Rfd1 {[%emt 0:05:01] [#] Black must now prevent Qd2.} Rad8 18. Bb3 {[%emt 0:30:25][%cal Oc4c5] Strongly threatening c5!} Be5 19. Bg5 (19. Bd4 $14 Bxd4 20. Rxd4) 19... Bxa1 $11 20. Bxe7 Bf6 $1 21. Bxd8 Rxd8 22. c5 {[%emt 0:01:30][%cal Od1d7] [#] aiming for Rxd7!} Kf8 23. Qc4 a5 {[%emt 0:02:09] White should prevent ...a4.} 24. Nd4 $1 {[%emt 0:02:09][%cal Oc4e6] Qxe6! is the strong threat.} Bc8 (24... Qe5 $11 {keeps the balance.}) 25. Nxe6+ $16 Bxe6 26. Rxd8+ Qxd8 27. Qxe6 {[%emt 0:00:23][%csl Gb3][%cal Re6f7] KQB-KQB} Qe8 {[%emt 0:00:02] Inhibits Qf7+.} 28. Qg8+ Ke7 29. Qe6+ (29. Qd5 $16 Qd7 30. Qc4) 29... Kf8 $11 30. Qg8+ ({White should try} 30. c6 $11 Qxe6 31. Bxe6) 30... Ke7 $16 31. Qe6+ (31. Qd5 $16 Qd7 32. Qc4) 31... Kf8 {[%emt 0:00:02] Weighted Error Value: White=0.14 (very precise) /Black=0.12 (very precise)} 1/2-1/2